 Dungeon Crawl Stone Soup version 0.28.0-53-g5a82cb258f (webtiles) character file.

Game seed: 555968594021059956

75 Peloso the Covered (level 4, 0/40 HPs)
             Began as a Minotaur Fighter on May 27, 2022.
             Succumbed to an orc wizard's poison
             ... on level 3 of the Dungeon.
             The game lasted 00:02:16 (1851 turns).

Peloso the Covered (Minotaur Fighter)               Turns: 1851, Time: 00:02:16

Health: 0/40       AC:  7    Str: 21    XL:     4   Next: 11%
Magic:  3/3        EV:  9    Int:  5    God:
Gold:   87         SH:  4    Dex: 11    Spells: 3/3 levels left

rFire   . . .      SeeInvis .   a - +0 long sword
rCold   . . .      Faith    .   c - +0 buckler
rNeg    . . .      Spirit   .   b - +0 scale mail
rPois   .          Reflect  .   (helmet restricted)
rElec   .          Harm     .   (no cloak)
rCorr   .          Rampage  .   (no gloves)
Will    .....                   (no boots)
Stlth   ..........              (no amulet)
HPRegen 0.13/turn               (no ring)
MPRegen 0.08/turn               (no ring)

@: lethally poisoned (0 -> -13), attractive
A: horns 2, retaliatory headbutt
a: no special abilities


You were on level 3 of the Dungeon.
You visited 1 branch of the dungeon, and saw 3 of its levels.

You collected 87 gold pieces.

Inventory:

Hand Weapons
 a - a +0 long sword (weapon)
Armour
 b - a +0 scale mail (worn)
 c - a +0 buckler (worn)
Jewellery
 f - a ring of protection from fire
 h - a ring of positive energy
Scrolls
 e - a scroll of amnesia {unknown}
 g - 2 scrolls of identify {unknown}
 i - a scroll of teleportation {unknown}
 j - a scroll of fog {unknown}
 k - a scroll of fear {unknown}
 l - a scroll of blinking {unknown}
Potions
 d - a potion of might
 m - a potion of attraction


   Skills:
 + Level 4.3 Fighting
 + Level 3.3 Long Blades
 + Level 4.4 Armour
 + Level 0.4 Dodging
 + Level 0.2 Stealth
 + Level 4.1 Shields


You had 3 spell levels left.
You didn't know any spells.
Your spell library contained the following spells:

 Spells                   Type           Power      Damage    Failure   Level
 Sandblast                Erth           0%         2d4       88%         1
 Passwall                 Tmut/Erth      0%         N/A       95%         2
 Stone Arrow              Conj/Erth      0%         3d7       99%         3


Dungeon Overview and Level Annotations

Branches:
Dungeon (3/15)

Altars:
Ashenzari
Ru

Shops:
D:2 =


Innate Abilities, Weirdness & Mutations

You have a pair of horns on your head.
You reflexively headbutt those who attack you in melee.


Message History

You are poisoned.
You block the adder's attack.
You hit the orc wizard but do no damage.
You headbutt the orc wizard!
The orc wizard is almost dead.
You feel sick. The adder bites you.
You are more poisoned.
The adder poisons you!
The orc wizard points at you and mumbles some strange words.
You are confused.
You feel very sick.
The orc wizard mumbles some strange words.
The orc wizard flickers and vanishes!
The adder barely misses you.
You bump into the rock wall.
You feel sick. The adder closely misses you.
Unknown command.
You feel sick.
You see here a +0 dagger of electrocution.
Unknown command.
You feel sick. The adder closely misses you.
The orc hits you but does no damage. The adder barely misses you.
You closely miss the adder. You headbutt the adder.
The adder is heavily wounded.
You feel sick. The orc hits you but does no damage.
The adder barely misses you.
You completely miss the adder.
The adder is heavily wounded.
You feel sick. The adder bites you.
* * * LOW HITPOINT WARNING * * *
The adder bites you.
* * * LOW HITPOINT WARNING * * *
You are more poisoned.
The adder poisons you! Something hits you but does no damage.
It was a potion of attraction.
You feel attractive to monsters.
You feel less confused.
* * * LOW HITPOINT WARNING * * *
You feel sick. The adder bites you but does no damage. Something hits you.
* * * LOW HITPOINT WARNING * * *
You are more poisoned.
Unknown command.
You die...

### #.......# #.......#
#.......#
########.......#
#......#.......#
#........†.....#####
_...###.##.#.##......#
# .
####..##.#.##.####.#
### ##..........@.)...#
..###....#..#.#(..S...#
......####..#.####{####
##...## ...#....oo#
##### #........##
#.....##. ...... ..
.......r . ...


You could see an adder and an orc.

Vanquished Creatures
  3 adders
  A worm (D:2)
  An orc (D:3)
  2 endoplasms (D:2)
  3 giant cockroaches
  4 goblins
  7 hobgoblins
  4 jackals (D:1)
  A kobold (D:1)
  A quokka (D:1)
  2 ball pythons (D:2)
  6 bats
  A frilled lizard (D:2)
  4 rats
40 creatures vanquished.

Vanquished Creatures (others)
  9 plants (D:1)
9 creatures vanquished.

Grand Total: 49 creatures vanquished

Notes
Turn   | Place    | Note
-------+----------+-------------------------------------------
     0 | D:1      | Peloso the Minotaur Fighter began the quest for the Orb.
     0 | D:1      | Reached XP level 1. HP: 19/19 MP: 0/0
    91 | D:1      | Reached XP level 2. HP: 22/27 MP: 1/1
   852 | D:2      | Found Hywnedepa's Jewellery Boutique.
   966 | D:2      | Reached XP level 3. HP: 33/33 MP: 2/2
   996 | D:2      | Found a broken altar of Ashenzari.
  1715 | D:3      | Found a sacrificial altar of Ru.
  1727 | D:3      | Reached XP level 4. HP: 28/40 MP: 3/3
  1851 | D:3      | Succumbed to an orc wizard's poison

Illustrated notes

Levels and vault maps discovered:
D:1:      tarquinn_simple_flora_water_d, layout_basic, serial_bayou_lagoon_a
D:2:      layout_loops_ring, basic_altar, serial_shops, shop
D:3:      layout_basic, mainiacjoe_overflow_catch_the_wave,
          mainiacjoe_overflow_cross_hatched, ebering_ecumenical_altar_petrified,
          uniq_jessica

Skill      XL: |  1  2  3 |
---------------+----------+-----
Armour         | 4 |  4.4
Shields        | 4 |  4.1
Fighting       | 4 |  4.3
Long Blades    | 3 |  3.3
Dodging        | |  0.4
Stealth        | |  0.2

Action                   |  1- 3 |  4- 6 || total
-------------------------+-------+-------++-------
Melee: Long sword        |    83 |    13 ||    96
       Headbutt          |     3 |     5 ||     8
  Use: Potion            |       |     1 ||     1
Armor: Scale mail        |    42 |    11 ||    53
Dodge: Dodged            |    32 |    13 ||    45
Block: Buckler           |    20 |     2 ||    22
